 Dungeon Crawl Stone Soup version 0.29-a0-375-g5102b3be25 (webtiles) character file.

Game seed: 329113179034249377

665 zishaf the Zephyrmancer (level 7, 0/43 HPs)
             Began as a Tengu Air Elementalist on May 3, 2022.
             Slain by a yak (11 damage)
             ... on level 5 of the Dungeon.
             The game lasted 00:07:42 (3730 turns).

zishaf the Zephyrmancer (Tengu Air Elementalist)    Turns: 3730, Time: 00:07:43

Health: 0/43       AC:  4    Str:  9    XL:     7   Next: 57%
Magic:  3/11       EV: 14    Int: 23    God:
Gold:   208        SH:  0    Dex: 14    Spells: 1/11 levels left

rFire   . . .      SeeInvis .   d - +1 spear
rCold   . . .      Faith    .   (no shield)
rNeg    . . .      Spirit   .   a - +0 robe
rPois   .          Reflect  .   (helmet restricted)
rElec   .          Harm     .   (no cloak)
rCorr   .          Rampage  .   r - +1 pair of gloves
Will    .....                   (boots unavailable)
Stlth   ++........              c - amulet of regeneration
HPRegen 0.94/turn               l - +6 ring of intelligence
MPRegen 0.12/turn               q - +4 ring of slaying

@: swift, flying quickly and evasively, very quick
A: beak, talons 3, nimble flight
a: no special abilities


You were on level 5 of the Dungeon.
You visited 1 branch of the dungeon, and saw 5 of its levels.

You collected 208 gold pieces.

Inventory:

Hand Weapons
 d - a +1 spear (weapon)
Missiles
 t - a throwing net
Armour
 a - a +0 robe (worn)
 r - a +1 pair of gloves (worn)
Jewellery
 c - an amulet of regeneration (around neck)
 g - a ring of fire
 h - a ring of willpower
 l - a +6 ring of intelligence (left hand)
 n - an amulet of faith
 q - a +4 ring of slaying (right hand)
Wands
 e - a wand of iceblast (6)
 k - a wand of paralysis (9)
Scrolls
 f - a scroll of enchant armour
 j - a scroll of immolation
 m - a scroll of fog
Potions
 b - a potion of magic
 i - a potion of flight
 s - 2 potions of curing


   Skills:
 + Level 4.1 Fighting
 - Level 2.1 Dodging
 - Level 2.0 Stealth
 - Level 2.5 Spellcasting
 - Level 2.0 Conjurations
 * Level 9.2 Air Magic


You had one spell level left.
You knew the following spells:

 Your Spells              Type           Power      Damage    Failure   Level
a - Shock                 Conj/Air       100%       1d9       1%          1
b - Swiftness             Air            45%        N/A       1%          3
c - Airstrike             Air            22%        N/A       2%          4
d - Static Discharge      Conj/Air       28%        N/A       1%          2

Your spell library contained the following spells:

 Spells                   Type           Power      Damage    Failure   Level
 Foxfire                  Conj/Fire      28%        2x1d5     9%          1
 Sublimation of Blood     Necr           2%         N/A       19%         2
 Conjure Flame            Conj/Fire      7%         6-21      24%         3
 Inner Flame              Hex/Fire       2%         N/A       36%         3
 Flame Wave               Conj/Fire      7%         2d5       63%         4
 Petrify                  Tmut/Erth      2%         N/A       77%         4
 Irradiate                Conj/Tmut      3%         3d14      92%         5
 Blade Hands              Tmut           1%         N/A       98%         5
 Dragon Form              Tmut           1%         N/A       100%        7


Dungeon Overview and Level Annotations

Branches:
Dungeon (5/15)
 Temple: D:4-7

Altars:

Annotations:
D:2 1 runed translucent door, Crazy Yiuf


Innate Abilities, Weirdness & Mutations

You have a beak for a mouth.
You have claws for feet.
Your magical nature lets you fly swiftly and evasively.


Message History

Press: ? - help, Shift-Dir - straight line The zap hits the yak.
The yak is moderately wounded.
The zap hits the iguana but does no damage.
The iguana is almost dead.
The zap hits the iguana but does no damage.
The iguana is almost dead.
The zap misses the yak.
The yak gores you!
Casting: Shock (safe; 1% risk of failure)
Confirm with . or Enter, or press ? or * to list all spells.
Aiming: Shock (safe; 1% risk of failure)
Press: ? - help, Shift-Dir - straight line The zap hits the yak.
The yak is moderately wounded.
The zap hits the iguana.
You kill the iguana!
The zap hits the yak!
The yak is heavily wounded.
The yak closely misses you.
Your life force feels restored.
Casting: Shock (safe; 1% risk of failure)
Confirm with . or Enter, or press ? or * to list all spells.
Aiming: Shock (safe; 1% risk of failure)
Press: ? - help, Shift-Dir - straight line The zap hits the yak.
The yak is heavily wounded.
The zap hits the yak.
The yak is severely wounded.
The yak gores you!
You hit the yak.
The yak is severely wounded.
The yak closely misses you.
You hit the yak. Your peck misses the yak.
The yak is severely wounded.
The yak gores you!
* * * LOW HITPOINT WARNING * * *
You hit the yak. Your kick misses the yak. Your peck misses the yak.
The yak is almost dead.
The yak gores you!
You die...

#.#... ...... #.#.#.#
....... ### #.#.#.#
..# ....... #.#
####.## #.# ..#
....###.######### #l#
#........)@Y†.# #.#
#####.#######.#
#.####### #.##....#.#
#.n.l†..###.##.##.#.#
#######.#.....<...#.#
#.#.#.#######Y#
#.#.#.#.Y...(.#
#.#.#.#l#######
#n#.#.#.#


You could see a yak.

Vanquished Creatures
  Grinder (D:4)
  An ogre (D:5)
  A phantom (D:5)
  5 hounds
  An iguana (D:5)
  3 adders
  2 worms
  2 dart slugs
  13 orcs
  8 ball pythons
  4 bats
  5 endoplasms
  7 giant cockroaches
  8 goblins
  8 hobgoblins
  11 jackals
  4 kobolds
  2 frilled lizards
  6 rats
92 creatures vanquished.

Vanquished Creatures (others)
  A plant (D:1)
1 creature vanquished.

Grand Total: 93 creatures vanquished

Notes
Turn   | Place    | Note
-------+----------+-------------------------------------------
     0 | D:1      | zishaf the Tengu Air Elementalist began the quest for the
                  | Orb.
     0 | D:1      | Reached XP level 1. HP: 10/10 MP: 4/4
   331 | D:1      | Reached XP level 2. HP: 16/16 MP: 6/6
   462 | D:1      | Found a faded altar of an unknown god.
   619 | D:1      | Reached skill level 1 in Fighting
   805 | D:1      | Reached XP level 3. HP: 20/20 MP: 7/7
   809 | D:1      | Learned a level 3 spell: Swiftness
   869 | D:1      | Reached skill level 5 in Air Magic
  1421 | D:2      | Found a runed translucent door.
  1422 | D:2      | Noticed Crazy Yiuf
  1458 | D:2      | Reached XP level 4. HP: 25/25 MP: 8/8
  2055 | D:3      | Reached skill level 6 in Air Magic
  2293 | D:3      | Gained mutation: Your magical nature lets you fly swiftly
                  | and evasively. [Tengu growth]
  2293 | D:3      | Reached XP level 5. HP: 20/30 MP: 1/9
  2383 | D:3      | Learned a level 4 spell: Airstrike
  3107 | D:4      | Noticed Grinder
  3131 | D:4      | Reached skill level 7 in Air Magic
  3137 | D:4      | Reached XP level 6. HP: 32/36 MP: 8/10
  3160 | D:4      | Paralysed by Grinder for 6 turns
  3168 | D:4      | Killed Grinder
  3169 | D:4      | Reached skill level 8 in Air Magic
  3393 | D:4      | Reached XP level 7. HP: 41/41 MP: 11/11
  3506 | D:5      | Entered Level 5 of the Dungeon
  3533 | D:5      | Learned a level 2 spell: Static Discharge
  3658 | D:5      | Noticed a yak
  3661 | D:5      | Noticed a yak
  3664 | D:5      | Noticed a yak
  3666 | D:5      | Reached skill level 9 in Air Magic
  3666 | D:5      | HP: 2/42 [necrophage (1)]
  3666 | D:5      | Noticed a yak
  3666 | D:5      | Noticed a yak
  3730 | D:5      | Slain by a yak

Illustrated notes

Levels and vault maps discovered:
D:1:      amcnicky_arrival_flooded_fountain, layout_loops_ring,
          hellmonk_ecumenical_altar_dog_temple,
          nicolae_concentric_dashed_squares_wild, minmay_shallow_snake_nest
D:2:      layout_loops_ring, nicolae_underground_beach, uniq_crazy_yiuf_cottage
D:3:      layout_basic, nrook_uturn
D:4:      layout_cave_pools, uniq_grinder
D:5:      layout_basic, serial_shops, shop_scrolls, hangedman_decor_riveting

Skill      XL: |  1  2  3  4  5  6  7 |
---------------+----------------------+-----
Conjurations   | 2 |  2.0
Fighting       | 1 2 3 4 |  4.1
Air Magic      | 5 6 7 8 9 |  9.2
Dodging        | |  2.1
Stealth        | |  2.0
Spellcasting   | |  2.5

Action                   |  1- 3 |  4- 6 |  7- 9 || total
-------------------------+-------+-------+-------++-------
Melee: Unarmed           |     8 |       |       ||     8
       Kick              |    29 |    20 |     5 ||    54
       Spear             |    97 |   102 |    31 ||   230
       Peck              |     8 |     7 |     2 ||    17
       Punch             |     2 |       |       ||     2
 Cast: Shock             |    11 |    29 |    10 ||    50
       Swiftness         |       |     1 |     2 ||     3
  Use: Scroll            |       |    12 |       ||    12
 Stab: Sleeping          |     7 |     5 |     1 ||    13
Armor: Robe              |    18 |    12 |     6 ||    36
Dodge: Dodged            |    54 |    54 |    17 ||   125

Table legend: (Time is in decaauts)
 A = Elapsed time spent in this place.
 B = Non-inter-level travel time spent in this place.
 C = Inter-level travel time spent in this place.
 D = Time resting spent in this place.
 E = Time spent auto-exploring this place.
 F = Levels seen in this place.
 G = Mean time per level.
                   A        B        C        D        E       F      G
               +--------+--------+--------+--------+--------+-----+--------+
         Total |   3652 |   3535 |    117 |    337 |   2430 |   5 |  730.4 |
       Dungeon |   3652 |   3535 |    117 |    337 |   2430 |   5 |  730.4 |
               +--------+--------+--------+--------+--------+-----+--------+

Top non-repeatable levels by time:
     D:1: 1004 daAuts
     D:2: 982 daAuts
     D:3: 856 daAuts
     D:4: 596 daAuts
     D:5: 212 daAuts
